 Dungeon Crawl Stone Soup version 0.17-a0-2122-g03d97ec (webtiles) character file.

1461 Ordine the Cruncher (level 8, -9/61 (62) HPs)
             Began as a Minotaur Gladiator on Oct 20, 2015.
             Was an Initiate of Ru.
             Mangled by an orc warrior
             ... wielding a +0 glaive
              (25 damage)
             ... on level 6 of the Dungeon.
             The game lasted 00:14:56 (5163 turns).

Ordine the Cruncher (Minotaur Gladiator)            Turns: 5163, Time: 00:14:56

HP:   -9/61 (62)    AC: 12    Str: 20    XL:     8   Next: 48%
MP:   7/7           EV:  9    Int:  8    God:    Ru [......]
Gold: 170           SH:  0    Dex: 16    Spells: 0 memorised, 7 levels left

rFire  + . .     SeeInvis .     y - +11 rapier "Mafy" {venom, +Fly rF+ Int+3 Dex+3}
rCold  . . .     Clarity  .     n - +1 chain mail
rNeg   + . .     SustAt   .     (no shield)
rPois  .         Gourm    .     c - +0 hat
rElec  .         Spirit   .     x - +0 cloak
rCorr  .         Warding  +     b - +0 pair of gloves
rMut   .         Stasis   .     C - +0 pair of boots
MR     .....                    k - amulet of warding
Stlth  ..........               (no ring)
                                (no ring)

@: not resistant to hostile enchantments, extremely unstealthy
A: retaliatory headbutt, horns 2
a: Renounce Religion, Evoke Flight


You were on level 6 of the Dungeon.
You worshipped Ru.
Ru was noncommittal.
You were not hungry.

You visited 2 branches of the dungeon, and saw 7 of its levels.
You also visited: Sewer.

You collected 170 gold pieces.

Inventory:

Hand Weapons
 a - a +1 quarterstaff
 y - the +11 rapier "Mafy" (weapon) {venom, +Fly rF+ Int+3 Dex+3}
   (You found it on level 5 of the Dungeon)

   It poisons the flesh of those it strikes.
   It affects your intelligence (+3).
   It affects your dexterity (+3).
   It protects you from fire.
   It lets you fly.
Armour
 b - a +0 pair of gloves (worn)
 c - a +0 hat (worn)
 n - a +1 chain mail (worn)
 x - a +0 cloak (worn)
 C - a +0 pair of boots (worn)
Jewellery
 k - an amulet of warding (around neck)
Wands
 p - a wand of polymorph (24)
Scrolls
 j - 5 scrolls of teleportation
 r - 2 scrolls of remove curse
 A - a scroll of blinking
Potions
 f - 3 potions of invisibility
 g - a potion of resistance
 h - 4 potions of curing
 m - 2 potions of cure mutation
 o - a potion of heal wounds
 s - a potion of cancellation
 v - 2 potions of agility
 w - 4 potions of flight {unknown}
Books
 u - a Necronomicon

   Spells                             Type                      Level
   a - Haunt                          Necromancy/Summoning         7
   b - Borgnjor's Revivification      Necromancy                   8
   c - Death's Door                   Charms/Necromancy            8
   d - Necromutation                  Transmutation/Necromancy     8
Comestibles
 e - 4 bread rations
 i - 3 beef jerkies
 l - 2 meat rations
 q - 4 fruits
 t - a slice of pizza
 z - 8 chunks of flesh


   Skills:
 - Level 2.4 Fighting
 + Level 12.7 Staves
 - Level 2.0 Throwing
 - Level 3.2 Dodging


You had 7 spell levels left.
You didn't know any spells.

Dungeon Overview and Level Annotations

Branches:
Dungeon (6/15)             Temple (1/1) D:4

Altars:
Ashenzari
Cheibriados
Dithmenos
Elyvilon
Fedhas
Gozag
Kikubaaqudgha
Makhleb
Nemelex Xobeh
Okawaru
Qazlal
Ru
Sif Muna
Trog
Vehumet
Xom
Yredelemnul
Zin
The Shining One


Innate Abilities, Weirdness & Mutations

You reflexively headbutt those who attack you in melee.
You have a pair of horns on your head.


Message History

Press: ? - help, Shift-Dir - straight line, f/p - orc warrior
Aim: an orc warrior, wielding a glaive and wearing a plate armour
Okay, then.
You barely miss the orc warrior.
The orc warrior hits you but does no damage.
You hit the orc warrior.
The orc warrior is poisoned.
The orc warrior is lightly wounded.
The orc warrior hits you with a glaive.
You puncture the orc warrior!
The orc warrior looks even sicker.
Your headbutt misses the orc warrior.
The orc warrior is heavily wounded.
The orc warrior hits you with a glaive.
* * * LOW HITPOINT WARNING * * *
You are too injured to fight recklessly!
You are too injured to fight recklessly!
You puncture the orc warrior!
You headbutt the orc warrior, but do no damage.
The orc warrior is almost dead.
The orc warrior hits you with a glaive!!
You die...

≈≈≈≈≈≈≈Z≈≈ ....
≈≈≈≈≈≈≈≈≈ ... ........#
#.# ###(###########.#
..#.#...........##
#.#(#.#######.....
#.#.......##...###
.###.##.#)..............
.(....o@.........#...#..
..##.##.##..........##..
...##.......#..# .
##..##.......#..# #
#..########.#..# #..#
#.#..# ...# #.#... ##.#
#.#.### #.#.#


You could see an orc warrior.

Vanquished Creatures
  A phantom (D:6)
  A necrophage (D:5)
  4 centaurs
  A giant frog (D:6)
  A wyvern zombie (D:6)
  7 orc wizards
  A jelly (D:4)
  3 orc priests
  2 hounds
  Crazy Yiuf (D:5)
  An iguana (D:5)
  4 worker ants
  8 adders
  3 gnolls (D:3)
  2 river rats (D:6)
  2 shadow imps (D:5)
  5 oozes (Sewer)
  An adder skeleton (D:4)
  2 adder zombies (D:5)
  9 worms
  8 giant geckos
  13 orcs
  15 bats
  4 giant cockroaches
  5 goblins
  4 hobgoblins
  6 jackals
  3 quokkas
  4 ball pythons
  5 giant newts
  A jackal skeleton (D:4)
  4 kobolds
  2 rats
133 creatures vanquished.

Notes
Turn   | Place    | Note
--------------------------------------------------------------
     0 | D:1      | Ordine the Minotaur Gladiator began the quest for the Orb.
     0 | D:1      | Reached XP level 1. HP: 18/18 MP: 0/0
   271 | D:1      | Reached skill level 4 in Staves
   535 | D:1      | Reached XP level 2. HP: 25/25 MP: 1/1
   649 | D:2      | Reached skill level 5 in Staves
   649 | D:2      | Reached XP level 3. HP: 25/30 MP: 2/2
  1019 | D:2      | Reached XP level 4. HP: 35/37 MP: 3/3
  1119 | D:2      | Reached skill level 6 in Staves
  1344 | D:3      | Reached skill level 7 in Staves
  1344 | D:3      | Reached XP level 5. HP: 26/42 MP: 4/4
  2288 | D:4      | Found a staircase to the Ecumenical Temple.
  2305 | Temple   | Entered the Ecumenical Temple
  2442 | Temple   | Became a worshipper of Ru the Awakened
  2560 | D:4      | Reached skill level 8 in Staves
  2607 | D:4      | Found a shattered altar of Ashenzari.
  2608 | D:4      | Found a deep blue altar of Sif Muna.
  2783 | D:4      | Reached XP level 6. HP: 50/50 MP: 5/5
  3026 | D:5      | Entered Level 5 of the Dungeon
  3078 | D:5      | Got a spiked ring mail
  3089 | D:5      | Identified the cursed +1 ring mail "Osaefela" {rC- rCorr Str-4 SInv} (You found it on level 5 of the Dungeon)
  3150 | D:5      | Reached skill level 9 in Staves
  3447 | D:5      | Noticed Crazy Yiuf
  3453 | D:5      | Killed Crazy Yiuf
  3630 | D:5      | Got an iridescent rapier
  3631 | D:5      | Identified the +11 rapier "Mafy" {venom, +Fly rF+ Int+3 Dex+3} (You found it on level 5 of the Dungeon)
  3659 | D:5      | Reached XP level 7. HP: 52/56 MP: 6/6
  3671 | D:5      | Found an iron altar of Okawaru.
  3685 | D:5      | Reached skill level 10 in Staves
  4236 | D:6      | Reached skill level 11 in Staves
  4283 | D:6      | Reached XP level 8. HP: 39/61 MP: 7/7
  4286 | D:6      | Found a glowing drain.
  4374 | Sewer    | Entered a sewer
  4995 | D:6      | Reached skill level 12 in Staves
  5163 | D:6      | Mangled by an orc warrior

Vault maps used:
D:1:      minmay_arrival_semitransparent, solitary_fountain,
          minmay_misc_feat_alley
D:4:      gammafunk_temple_overflow_statue, minmay_temple_entry_statues_pillars
D:5:      okawaru_gym_becter, first_bread, minmay_statues_item,
          uniq_crazy_yiuf_cottage
D:6:      nicolae_whirlpool, portal_sewer_entry_a
Temple:   nicolae_temple_elliptical
Sewer:    sewer_fruit_machine

Action                   |  1- 3 |  4- 6 |  7- 9 || total
-------------------------+-------+-------+-------++-------
Melee: Quarterstaff      |    58 |    99 |       ||   157
       Rapier            |       |     3 |   137 ||   140
Throw: Throwing net      |       |       |     3 ||     3
Invok: Reject Sacrifices |       |       |     1 ||     1
 Abil: Stop Flying       |       |       |     1 ||     1
       Evoke Flight      |       |       |     1 ||     1
  Use: Scroll            |     8 |     7 |     4 ||    19
  Eat: Chunk             |       |     7 |     7 ||    14
